AoeStats
← brachigol

Arabia

504143915Analyzed
3v3 RM · 1mo ago on Sep 4, 2026· 48m 32s· 6 players
Game mode
Random Map
Map size
Normal (6 player)
Population
200
Speed
Normal
Resources
Standard
Victory
Conquest
Starting age
Dark Age
Ending age
Imperial Age
RankedLock teamsTeams togetherTeam positionsShared explorationLock speedFull tech treeHidden civsTurbo modeCheats
Victory
Defeat
🇵🇪 Persians · Peru
1317
+17
🇵🇪 Britons · Peru
1302
+18
🇵🇪 Maya · Peru
1295
+18
🇨🇴 Italians · Colombia
1381
-20
🇨🇴 Chinese · Colombia
1330
-17
🇨🇴 Berbers · Colombia
1308
-16
brachigol
7:06 Loom
9:09 Feudal Age
11:56 Fletching
17:30 Padded Archer Armor
22:38 Castle Age
20:41 Double-Bit Axe
21:30 Horse Collar
22:44 Gold Mining
22:46 Crossbowman
23:22 Bodkin Arrow
24:03 Bow Saw
27:28 Ballistics
27:38 Ballistics
29:18 Wheelbarrow
28:54 Stone Mining
29:42 Gold Shaft Mining
32:11 Town Watch
32:45 Hand Cart
40:07 Imperial Age
39:28 Yeomen
40:10 Arbalester
40:51 Bracer
41:53 Chemistry
41:54 Two-Man Saw
41:17 Conscription
41:37 Elite Longbowman
43:09 Warwolf
48:38 Hoardings
48:15 Masonry
MZTK | Lenz
0:30 Loom
9:36 Feudal Age
10:20 Double-Bit Axe
15:05 Fletching
18:23 Padded Archer Armor
18:40 Town Watch
23:57 Castle Age
24:14 Crossbowman
26:04 Bodkin Arrow
28:22 Ballistics
30:05 Gold Mining
33:12 Wheelbarrow
32:57 Leather Archer Armor
36:47 Thumb Ring
38:03 Bow Saw
40:32 Hand Cart
43:44 Imperial Age
43:33 Stone Mining
45:28 Two-Man Saw
43:50 Arbalester
44:41 Bracer
46:01 Ring Archer Armor
46:50 Chemistry
45:41 Elite Skirmisher
mik3lo
6:57 Loom
9:10 Feudal Age
14:33 Double-Bit Axe
16:05 Horse Collar
18:19 Scale Barding Armor
24:00 Castle Age
22:44 Bloodlines
23:31 Gold Mining
24:23 Forging
24:58 Chain Barding Armor
25:13 Husbandry
25:20 Town Watch
27:56 Light Cavalry
28:59 Bow Saw
33:27 Wheelbarrow
36:19 Iron Casting
36:12 Hand Cart
37:50 Heavy Plow
44:28 Imperial Age
44:07 Hussar
45:24 Plate Barding Armor
44:29 Cavalier
46:19 Gold Shaft Mining
Impeesa91
3:21 Loom
10:15 Feudal Age
11:08 Double-Bit Axe
11:40 Horse Collar
15:45 Bloodlines
19:09 Scale Barding Armor
19:15 Forging
26:18 Castle Age
27:39 Chain Barding Armor
27:29 Gold Mining
27:56 Husbandry
28:34 Iron Casting
29:49 Bow Saw
40:47 Heavy Plow
44:59 Imperial Age
43:35 Kasbah
45:44 Fletching
45:54 Padded Archer Armor
47:07 Bodkin Arrow
48:31 Ballistics
49:11 Chemistry
48:27 Bracer
Ivandronato
0:41 Loom
9:49 Feudal Age
10:22 Double-Bit Axe
14:11 Town Watch
16:05 Wheelbarrow
22:39 Castle Age
21:36 Padded Archer Armor
21:29 Fletching
22:42 Crossbowman
23:19 Bodkin Arrow
23:39 Bow Saw
24:44 Leather Archer Armor
26:48 Thumb Ring
37:46 Imperial Age
36:30 Horse Collar
37:37 Ballistics
38:51 Bracer
39:29 Arbalester
40:15 Squires
39:36 Pikeman
43:29 Chemistry
44:03 Scale Mail Armor
44:13 Forging
44:44 Hand Cart
44:22 Gold Mining
44:23 Stone Mining
45:37 Two-Man Saw
44:42 Heavy Plow
44:31 Elite Skirmisher
BoaDelapool, "cocainita"
6:22 Loom
9:05 Feudal Age
10:14 Double-Bit Axe
17:43 Fletching
20:27 Padded Archer Armor
26:41 Castle Age
25:26 Horse Collar
27:09 Elite Skirmisher
27:59 Bodkin Arrow
29:02 Leather Archer Armor
29:16 Bow Saw
35:07 Ballistics
37:46 Heavy Plow
Connection lost

Rejoining the realm…

Still unreachable

The connection could not be restored.

Session expired

The server has moved on; the page needs a fresh start.